 Dungeon Crawl Stone Soup version 0.18.1-50-g88ac8fd (webtiles) character file.

2399 kengeki the Covert (level 9, -1/39 HPs)
             Began as a Spriggan Enchanter on Sept 30, 2016.
             Was a Priest of Makhleb.
             Slain by a killer bee (6 damage)
             ... on level 6 of the Dungeon.
             The game lasted 01:16:39 (9501 turns).

kengeki the Covert (Spriggan Enchanter)             Turns: 9501, Time: 01:16:41

Health: -1/39      AC:  4    Str:  4    XL:     9   Next: 23%
Magic:  13/20      EV: 15    Int: 19    God:    Makhleb [***...]
Gold:   310        SH:  2    Dex: 17    Spells: 5 memorised, 10 levels left

rFire  . . .     SeeInvis +     n - -3 short sword (curse)
rCold  . . .     Gourm    .     b - +2 robe
rNeg   . . .     Faith    .     (shield restricted)
rPois  .         Spirit   .     (helmet restricted)
rElec  .         Dismiss  .     (no cloak)
rCorr  +         Reflect  +     (gloves unavailable)
SustAt .         Harm     .     (boots unavailable)
MR     +....                    t - +2 amulet of reflection
Stlth  +++++.....               x - ring of resist corrosion
                                u - -3 ring of evasion (curse)

@: lethally poisoned (-1 -> -5), very quick, somewhat resistant to hostile
enchantments, quite stealthy
A: unfitting armour, see invisible, herbivore 3, speed 3, slow metabolism 2
a: Minor Destruction, Lesser Servant of Makhleb, Renounce Religion


You were on level 6 of the Dungeon.
You worshipped Makhleb.
Makhleb was most pleased with you.
You were not hungry.

You visited 2 branches of the dungeon, and saw 8 of its levels.

You collected 310 gold pieces.

Inventory:

Hand Weapons
 a - a +1 dagger of flaming
 e - a -1 short sword
 n - a cursed -3 short sword (weapon)
 o - a +1 dagger of venom
 q - a +4 dagger of electrocution
 z - a +1 dagger of draining
Missiles
 s - 3 javelins
Armour
 b - a +2 robe (worn)
Jewellery
 g - an uncursed amulet of rage
 r - an uncursed ring of fire
 t - a +2 amulet of reflection (around neck)
 u - a cursed -3 ring of evasion (left hand)
 x - a ring of resist corrosion (right hand)
 B - an uncursed ring of fire
Wands
 m - a wand of flame (36/48)
 y - a wand of confusion (15/48)
Scrolls
 f - a scroll of blinking
 h - a scroll of identify
 i - 2 scrolls of teleportation
 A - a scroll of enchant armour
Potions
 j - 2 potions of brilliance
 k - a potion of lignification
 p - 4 potions of might
 v - a potion of magic {unknown}
Books
 c - a book of Maledictions

   Spells                             Type                      Level
   a - Corona                         Hexes                        1
   b - Ensorcelled Hibernation        Hexes/Ice                    2
   c - Confuse                        Hexes                        3
   d - Tukima's Dance                 Hexes                        3
   e - Dazzling Spray                 Conjuration/Hexes            3
 w - a book of Misfortune

   Spells                             Type                      Level
   a - Confusing Touch                Hexes                        2
   b - Confuse                        Hexes                        3
   c - Gell's Gravitas                Hexes/Translocation          3
   d - Petrify                        Transmutation/Earth          4
   e - Metabolic Englaciation         Hexes/Ice                    5
   f - Yara's Violent Unravelling     Hexes/Transmutation          5
Comestibles
 d - 4 bread rations


   Skills:
 + Level 5.8 Short Blades
 - Level 3.0 Dodging
 + Level 9.8 Stealth
 + Level 7.0 Spellcasting
 + Level 2.3 Conjurations
 + Level 7.0 Hexes
 - Level 4.0 Ice Magic
 + Level 0.8 Invocations


You had 10 spell levels left.
You knew the following spells:

 Your Spells              Type           Power        Failure   Level  Hunger
a - Ensorcelled Hibernat  Hex/Ice        ####..       1%          2    None
b - Corona                Hex            ####...      1%          1    None
c - Confuse               Hex            ####....     1%          3    #......
d - Dazzling Spray        Conj/Hex       ###...       6%          3    #......
e - Tukima's Dance        Hex            ####....     1%          3    #......


Dungeon Overview and Level Annotations

Branches:
Dungeon (7/15)             Temple (1/1) D:6

Altars:
Ashenzari
Cheibriados
Dithmenos
Elyvilon
Fedhas
Gozag
Kikubaaqudgha
Makhleb
Okawaru
Pakellas
Qazlal
Ru
Trog
Vehumet
Yredelemnul
Zin
The Shining One

Shops:
D:2 *

Annotations:
D:5 Eustachio, Prince Ribbit


Innate Abilities, Weirdness & Mutations

You are tiny and cannot use many weapons and most armour.
You have supernaturally acute eyesight.
You are a herbivore.
You cover ground extremely quickly.
You need consume almost no food.


Message History

Cornered, the killer bee turns to fight!
The killer bee misses you.
You miss the killer bee.
You feel sick. The killer bee barely misses you. x2
Casting: Confuse
Confirm with . or Enter, or press ? or * to list all spells.
Aiming: Confuse
Press: ? - help, Shift-Dir - straight line, f - killer bee
Aim: a killer bee (chance to defeat MR: 70%)
The killer bee struggles to resist.
The killer bee stings you but does no damage.
The killer bee stings you.
Casting: Confuse
Confirm with . or Enter, or press ? or * to list all spells.
Aiming: Confuse
Press: ? - help, Shift-Dir - straight line, f/p - killer bee
Aim: a killer bee (chance to defeat MR: 70%)
The killer bee struggles to resist.
You feel sick. The killer bee stings you!
* * * LOW HITPOINT WARNING * * *
The killer bee stings you.
You die...

####### #.#.....##
### ......#
#........# #..
....(## ##..######
##.. ....## ###.##
########... ...##
##a###..........
..##
##......y....## .##
####.....####### ##
####......### ##...
#
#y@.......#####....
##.....>...##......
####....(.........
#...####........
##..## ##.......
##...# #.......
##...## #.......
##...## #.......
##...## ##....##


You could see a killer bee.

Vanquished Creatures
  Pikel (D:5)
  Grinder (D:6)
  2 hippogriffs (D:7)
  Edmund (D:6)
  Duvessa (D:4)
  4 slaves (D:5)
  An ogre (D:4)
  A centaur (D:7)
  4 giant frogs
  A water moccasin skeleton (D:7)
  Dowan (D:4)
  2 crimson imps (D:7)
  2 jellies
  An orc priest (D:3)
  2 giant frog skeletons
  2 hounds
  7 orc wizards
  Jessica (D:3)
  An iguana (D:4)
  3 worker ants
  2 hound skeletons
  7 adders
  4 oozes
  An adder zombie (D:5)
  4 worms
  A dart slug (D:3)
  4 giant geckos
  19 orcs
  8 giant cockroaches
  4 goblins
  7 hobgoblins
  8 jackals
  3 quokkas
  3 ball pythons
  8 bats
  A giant gecko skeleton (D:4)
  5 giant newts
  2 kobolds (D:3)
  A quokka zombie (D:7)
  7 rats
138 creatures vanquished.

Vanquished Creatures (collateral kills)
  A killer bee (D:7)
1 creature vanquished.

Vanquished Creatures (others)
  2 dancing weapons
2 creatures vanquished.

Grand Total: 141 creatures vanquished

Notes
Turn   | Place    | Note
--------------------------------------------------------------
     0 | D:1      | kengeki the Spriggan Enchanter began the quest for the Orb.
     0 | D:1      | Reached XP level 1. HP: 9/9 MP: 5/5
   402 | D:1      | Reached XP level 2. HP: 10/13 MP: 4/6
   406 | D:1      | Learned a level 2 spell: Ensorcelled Hibernation
  1033 | D:2      | Reached skill level 5 in Stealth
  1033 | D:2      | Reached XP level 3. HP: 16/16 MP: 5/8
  1047 | D:2      | Learned a level 3 spell: Confuse
  1201 | D:2      | Found Gozag's Platinum Reserve.
  1216 | D:2      | Found an opulent altar of Gozag.
  1522 | D:2      | Found a burning altar of Makhleb.
  1527 | D:2      | Became a worshipper of Makhleb the Destroyer
  1658 | D:3      | Noticed Jessica
  2050 | D:3      | Reached XP level 4. HP: 20/21 MP: 6/10
  2284 | D:3      | Killed Jessica
  2284 | D:3      | Reached skill level 1 in Ice Magic
  2493 | D:3      | Reached skill level 6 in Stealth
  2556 | D:3      | Reached XP level 5. HP: 24/24 MP: 6/11
  2580 | D:3      | Reached * piety under Makhleb
  3290 | D:3      | Found an ancient bone altar of Kikubaaqudgha.
  4050 | D:4      | Reached XP level 6. HP: 28/28 MP: 7/13
  4063 | D:4      | Noticed Duvessa
  4166 | D:4      | Reached skill level 7 in Stealth
  4357 | D:4      | Noticed Dowan
  4670 | D:4      | Killed Dowan
  4720 | D:4      | Killed Duvessa
  4720 | D:4      | Reached skill level 5 in Hexes
  4720 | D:4      | Reached XP level 7. HP: 26/32 MP: 10/15
  4757 | D:4      | Reached ** piety under Makhleb
  4757 | D:4      | Reached skill level 5 in Spellcasting
  4843 | D:4      | Found a stormy altar of Qazlal.
  4844 | D:4      | Found a glowing silver altar of Zin.
  4845 | D:4      | Found an opulent altar of Gozag.
  4933 | D:5      | Entered Level 5 of the Dungeon
  4948 | D:5      | Found a sacrificial altar of Ru.
  5316 | D:5      | Noticed Pikel
  5340 | D:5      | Killed Pikel
  5340 | D:5      | Reached skill level 8 in Stealth
  5340 | D:5      | Reached XP level 8. HP: 26/36 MP: 7/17
  5814 | D:5      | Noticed Eustachio
  5846 | D:5      | Learned a level 3 spell: Dazzling Spray
  5850 | D:5      | Learned a level 3 spell: Tukima's Dance
  6359 | D:5      | Noticed Prince Ribbit
  6644 | D:6      | Found a staircase to the Ecumenical Temple.
  6653 | Temple   | Entered the Ecumenical Temple
  6748 | D:6      | Noticed Edmund
  6750 | D:6      | Found a shadowy altar of Dithmenos.
  6750 | D:6      | Found a glowing golden altar of the Shining One.
  6750 | D:6      | Found a white marble altar of Elyvilon.
  6750 | D:6      | Found a blossoming altar of Fedhas.
  6773 | D:6      | Killed Edmund
  6779 | D:6      | Found an iron altar of Okawaru.
  6779 | D:6      | Found a shattered altar of Ashenzari.
  6818 | D:6      | Noticed Grinder
  6841 | D:6      | Killed Grinder
  6841 | D:6      | Reached skill level 9 in Stealth
  6841 | D:6      | Reached skill level 1 in Conjurations
  7750 | D:6      | Reached skill level 5 in Short Blades
  8260 | D:6      | Found a burning altar of Makhleb.
  8260 | D:6      | Noticed an Executioner
  8611 | D:7      | Found a basalt altar of Yredelemnul.
  8726 | D:7      | Reached *** piety under Makhleb
  8762 | D:7      | Reached XP level 9. HP: 39/39 MP: 18/20
  9501 | D:6      | Slain by a killer bee

Skill      XL: |  1  2  3  4  5  6  7  8  9 |
---------------+----------------------------+-----
Hexes          | 4 5 6 7 |  7.0
Stealth        | 5 6 7 8 9 |  9.8
Spellcasting   | 3 4 5 6 7 |  7.0
Short Blades   | 2 3 4 5 |  5.8
Ice Magic      | 1 2 3 4 |  4.0
Conjurations   | 2 |  2.3
Dodging        | |  3.0
Invocations    | |  0.8

Action                   |  1- 3 |  4- 6 |  7- 9 || total
-------------------------+-------+-------+-------++-------
Melee: Short sword       |    88 |    63 |   189 ||   340
 Cast: Corona            |    10 |     2 |       ||    12
       Ensorcelled Hiber |    22 |    61 |    57 ||   140
       Confuse           |       |     6 |    34 ||    40
       Tukima's Dance    |       |       |     6 ||     6
       Dazzling Spray    |       |       |     3 ||     3
  Use: Scroll            |     3 |     4 |     8 ||    15
       Potion            |     1 |     2 |     4 ||     7
 Stab: Sleeping          |    32 |    40 |    39 ||   111
       Confused          |       |     4 |    22 ||    26
       Invisible         |       |       |     2 ||     2
       Distracted        |       |       |     1 ||     1
  Eat: Pizza             |       |     3 |     1 ||     4
       Royal jelly       |       |       |     1 ||     1
       Bread ration      |       |       |     1 ||     1
Armor: Robe              |     4 |     8 |    12 ||    24
Dodge: Dodged            |    53 |    44 |    85 ||   182
Block: Other             |       |       |     4 ||     4
